TOP OF THE 1ST |
Long Island Lighthouse batting - Pitching for Colorado Billy Goats : RHP Luis Sastre
|
Pitching: RHP Luis Sastre
|
|
Batting: RHB Eugene Bennett
|
0-0: Ball 1-0: Fly out, F7 (Line Drive, 7, EV 94.4 MPH)
|
Batting: RHB Mark Toope
|
0-0: Foul Ball, location: 2F 0-1: Ground out 4-3 (Groundball, 4, EV 83.8 MPH)
|
Batting: RHB Jonas van Claveren
|
0-0: Ball 1-0: Called Strike 1-1: Ball 2-1: Fly out, F6 (Popup, 6, EV 67.5 MPH)
|
Top of the 1st over - 0 runs, 0 hits, 0 errors, 0 left on base; Long Island 0 - Colorado 0 |
BOTTOM OF THE 1ST |
Colorado Billy Goats batting - Pitching for Long Island Lighthouse : RHP Jeremy Brody
|
Pitching: RHP Jeremy Brody
|
|
Batting: LHB David de Meij
|
0-0: Swinging Strike 0-1: Ball 1-1: Ball 2-1: Ball 3-1: SINGLE (Groundball, 6MD, EV 110.6 MPH)
|
Batting: LHB Ricardo Yates
|
0-0: Ball 1-0: Fly out, F7 (Flyball, 7S, EV 90.6 MPH)
|
Batting: LHB Tim Gonzáles
|
0-0: Ball David de Meij steals 2nd base 1-0: SINGLE (Groundball, 34D, EV 109.4 MPH) David de Meij to third Runner from 3rd tries for Home, SAFE, throw by RF to home
|
Batting: LHB Robby Sinor
|
0-0: Swinging Strike 0-1: Ball 1-1: Foul Ball, location: 2F 1-2: SINGLE (Groundball, 34S, EV 74.4 MPH) (infield hit) Tim Gonzáles to second
|
Batting: LHB Samual Johnson
|
0-0: Ball 1-0: Called Strike 1-1: Ball 2-1: Fly out, F8 (Flyball, 8RS, EV 91.2 MPH)
|
Batting: RHB Paul Byrd
|
0-0: Called Strike 0-1: Called Strike 0-2: SINGLE (Groundball, 34D, EV 103.8 MPH) Tim Gonzáles to third Robby Sinor to second Runner from 3rd tries for Home, throw by RF and OUT! 9-2
|
Bottom of the 1st over - 1 run, 4 hits, 0 errors, 2 left on base; Long Island 0 - Colorado 1 |
TOP OF THE 2ND |
Long Island Lighthouse batting - Pitching for Colorado Billy Goats : RHP Luis Sastre
|
Batting: LHB Scott Kerin
|
0-0: Ball 1-0: Ball 2-0: Ball 3-0: Called Strike 3-1: Base on Balls
|
Batting: RHB Iiri Haapajarvi
|
0-0: Called Strike 0-1: Ball 1-1: Ball 2-1: Grounds into double play, 5-4-3 (Groundball, 5L, EV 102.5 MPH)
|
Batting: RHB Colm Goodwill
|
0-0: Ball 1-0: Swinging Strike 1-1: Swinging Strike 1-2: Strikes out looking
|
Top of the 2nd over - 0 runs, 0 hits, 0 errors, 0 left on base; Long Island 0 - Colorado 1 |
BOTTOM OF THE 2ND |
Colorado Billy Goats batting - Pitching for Long Island Lighthouse : RHP Jeremy Brody
|
Batting: LHB Ruhinda Kirkconnell
|
0-0: Foul Ball, location: 2F 0-1: Ball 1-1: Ball 2-1: Ground out 1-3 (Groundball, 13S, EV 68.1 MPH)
|
Batting: SHB Raoul de Gilde
|
0-0: Ball 1-0: Foul Ball, location: 2F 1-1: Called Strike 1-2: Ball 2-2: Ground out 4-3 (Groundball, 4, EV 79.4 MPH)
|
Batting: RHB Matt Méndez
|
0-0: Called Strike 0-1: Swinging Strike 0-2: Fly out, F7 (Flyball, 78M, EV 92.5 MPH)
|
Bottom of the 2nd over - 0 runs, 0 hits, 0 errors, 0 left on base; Long Island 0 - Colorado 1 |
TOP OF THE 3RD |
Long Island Lighthouse batting - Pitching for Colorado Billy Goats : RHP Luis Sastre
|
Batting: LHB León Castillo
|
0-0: Ground out 1-3 (Groundball, 13S, EV 70.0 MPH)
|
Batting: RHB Quan Easterling
|
0-0: Ground out 6-3 (Groundball, 6, EV 106.2 MPH)
|
Batting: RHB Carlos Mendoza
|
0-0: SOLO HOME RUN (Flyball, 78XD, EV 105.6 MPH), Distance : 411 ft
|
Batting: RHB Eugene Bennett
|
0-0: Ball 1-0: Swinging Strike 1-1: Called Strike 1-2: Ground out 5-3 (Groundball, 56S, EV 87.5 MPH)
|
Top of the 3rd over - 1 run, 1 hit, 0 errors, 0 left on base; Long Island 1 - Colorado 1 |
BOTTOM OF THE 3RD |
Colorado Billy Goats batting - Pitching for Long Island Lighthouse : RHP Jeremy Brody
|
Batting: LHB David de Meij
|
0-0: Ball 1-0: Called Strike 1-1: Fly out, F6 (Popup, 4S, EV 76.9 MPH)
|
Batting: LHB Ricardo Yates
|
0-0: Foul Ball, location: 2F 0-1: Foul Ball, location: 2F 0-2: Ball 1-2: Fly out, F8 (Line Drive, 8RD, EV 95.0 MPH)
|
Batting: LHB Tim Gonzáles
|
0-0: Ball 1-0: Ball 2-0: Swinging Strike 2-1: Fly out, F9 (Flyball, 89M, EV 76.2 MPH)
|
Bottom of the 3rd over - 0 runs, 0 hits, 0 errors, 0 left on base; Long Island 1 - Colorado 1 |
TOP OF THE 4TH |
Long Island Lighthouse batting - Pitching for Colorado Billy Goats : RHP Luis Sastre
|
Batting: RHB Mark Toope
|
0-0: Ball 1-0: Foul Ball, location: 2F 1-1: Swinging Strike 1-2: Fly out, F9 (Flyball, 9, EV 82.5 MPH)
|
Batting: RHB Jonas van Claveren
|
0-0: Ball 1-0: Fly out, F6 (Popup, 6, EV 61.2 MPH)
|
Batting: LHB Scott Kerin
|
0-0: Called Strike 0-1: Called Strike 0-2: Ball 1-2: Ball 2-2: Ball 3-2: Fly out, F9 (Flyball, 89M, EV 90.6 MPH)
|
Top of the 4th over - 0 runs, 0 hits, 0 errors, 0 left on base; Long Island 1 - Colorado 1 |
BOTTOM OF THE 4TH |
Colorado Billy Goats batting - Pitching for Long Island Lighthouse : RHP Jeremy Brody
|
Batting: LHB Robby Sinor
|
0-0: Called Strike 0-1: Fly out, F7 (Flyball, 7LM, EV 83.8 MPH)
|
Batting: LHB Samual Johnson
|
0-0: Ball 1-0: Called Strike 1-1: Called Strike 1-2: Ground out 4-3 (Groundball, 4, EV 100.0 MPH)
|
Batting: RHB Paul Byrd
|
0-0: Ball 1-0: Ground out 5-3 (Groundball, 56, EV 103.8 MPH)
|
Bottom of the 4th over - 0 runs, 0 hits, 0 errors, 0 left on base; Long Island 1 - Colorado 1 |
TOP OF THE 5TH |
Long Island Lighthouse batting - Pitching for Colorado Billy Goats : RHP Luis Sastre
|
Batting: RHB Iiri Haapajarvi
|
0-0: Ball 1-0: Called Strike 1-1: Ground out 6-3 (Groundball, 6, EV 108.8 MPH)
|
Batting: RHB Colm Goodwill
|
0-0: Called Strike 0-1: Swinging Strike 0-2: SINGLE (Line Drive, 7S, EV 102.5 MPH)
|
Batting: LHB León Castillo
|
0-0: Called Strike 0-1: Swinging Strike 0-2: Ball 1-2: Strikes out swinging
|
Batting: RHB Quan Easterling
|
0-0: 2-RUN HOME RUN (Flyball, 89XD, EV 109.4 MPH), Distance : 403 ft
|
Batting: RHB Carlos Mendoza
|
0-0: Ball 1-0: Ball 2-0: Ball 3-0: Base on Balls
|
Batting: RHB Eugene Bennett
|
0-0: SINGLE (Groundball, 6MD, EV 95.6 MPH) Carlos Mendoza to second Runner from 2nd tries for 3rd, SAFE, no throw by CF
|
Batting: RHB Mark Toope
|
0-0: Foul Ball, location: 2F 0-1: Ball 1-1: Ball 2-1: Foul Ball, location: 2F 2-2: Ball 3-2: Foul Ball, location: 2F 3-2: Foul Ball, location: 2F 3-2: Fly out, F4 (Line Drive, 4, EV 63.8 MPH)
|
Top of the 5th over - 2 runs, 3 hits, 0 errors, 2 left on base; Long Island 3 - Colorado 1 |
BOTTOM OF THE 5TH |
Colorado Billy Goats batting - Pitching for Long Island Lighthouse : RHP Jeremy Brody
|
Batting: LHB Ruhinda Kirkconnell
|
0-0: Ball 1-0: Called Strike 1-1: Swinging Strike 1-2: Strikes out swinging
|
Batting: SHB Raoul de Gilde
|
0-0: Fly out, F8 (Line Drive, 8RM, EV 92.5 MPH)
|
Batting: RHB Matt Méndez
|
0-0: Foul Ball, location: 2F 0-1: Ball 1-1: SOLO HOME RUN (Flyball, 78XD, EV 105.0 MPH), Distance : 417 ft
|
Batting: LHB David de Meij
|
0-0: Called Strike 0-1: Ball 1-1: Ball 2-1: Ground out 4-3 (Groundball, 4, EV 86.9 MPH)
|
Bottom of the 5th over - 1 run, 1 hit, 0 errors, 0 left on base; Long Island 3 - Colorado 2 |
TOP OF THE 6TH |
Long Island Lighthouse batting - Pitching for Colorado Billy Goats : RHP Luis Sastre
|
Batting: RHB Jonas van Claveren
|
0-0: Called Strike 0-1: Ground out 1-3 (Groundball, 34S, EV 86.9 MPH)
|
Batting: LHB Scott Kerin
|
0-0: Foul Ball, location: 2F 0-1: Foul Ball, location: 2F 0-2: Ball 1-2: Foul Ball, location: 2F 1-2: Ball 2-2: Ball 3-2: SINGLE (Line Drive, 7S, EV 98.1 MPH)
|
Batting: RHB Iiri Haapajarvi
|
0-0: Ball 1-0: Swinging Strike 1-1: Ball Wild Pitch! Scott Kerin to second 2-1: Ball 3-1: Foul Ball, location: 2F 3-2: Base on Balls
|
Batting: RHB Colm Goodwill
|
0-0: Ball 1-0: Foul Ball, location: 2F 1-1: 3-RUN HOME RUN (Flyball, 7D, EV 95.6 MPH), Distance : 413 ft
|
Pitching: RHP Thomas Sangrey
|
|
Batting: LHB León Castillo
|
0-0: Called Strike 0-1: Foul Ball, location: 2F 0-2: Strikes out swinging
|
Batting: RHB Quan Easterling
|
0-0: Ball 1-0: Ball 2-0: Ground out 6-3 (Groundball, 6, EV 90.0 MPH)
|
Top of the 6th over - 3 runs, 2 hits, 0 errors, 0 left on base; Long Island 6 - Colorado 2 |
BOTTOM OF THE 6TH |
Colorado Billy Goats batting - Pitching for Long Island Lighthouse : RHP Jeremy Brody
|
Batting: LHB Ricardo Yates
|
0-0: Fly out, F5 (Popup, 5F, EV 60.6 MPH)
|
Batting: LHB Tim Gonzáles
|
0-0: Called Strike 0-1: Ball 1-1: Swinging Strike 1-2: Foul Ball, location: 2F 1-2: Foul Ball, location: 2F 1-2: Ball 2-2: SINGLE (Groundball, 34D, EV 108.1 MPH)
|
Batting: LHB Robby Sinor
|
0-0: Fielders Choice at 2nd, 2-4 (Groundball, 15S, EV 63.8 MPH)
|
Batting: LHB Samual Johnson
|
0-0: Ball 1-0: Ground out 1-3 (Groundball, 15, EV 65.0 MPH)
|
Bottom of the 6th over - 0 runs, 1 hit, 0 errors, 1 left on base; Long Island 6 - Colorado 2 |
TOP OF THE 7TH |
Long Island Lighthouse batting - Pitching for Colorado Billy Goats : RHP Thomas Sangrey
|
Batting: RHB Carlos Mendoza
|
0-0: Called Strike 0-1: Ball 1-1: Swinging Strike 1-2: Ball 2-2: Foul Ball, location: 2F 2-2: Foul Ball, location: 2F 2-2: Strikes out swinging
|
Batting: RHB Eugene Bennett
|
0-0: Ball 1-0: Called Strike 1-1: Foul Ball, location: 2F 1-2: Ball 2-2: Strikes out swinging
|
Batting: RHB Mark Toope
|
0-0: Foul Ball, location: 2F 0-1: Ball 1-1: Ball 2-1: SOLO HOME RUN (Flyball, 7LD, EV 90.6 MPH), Distance : 349 ft
|
Batting: RHB Jonas van Claveren
|
0-0: Foul Ball, location: 2F 0-1: Ball 1-1: Swinging Strike 1-2: Ball 2-2: Foul Ball, location: 2F 2-2: Fly out, F9 (Flyball, 89M, EV 96.2 MPH)
|
Top of the 7th over - 1 run, 1 hit, 0 errors, 0 left on base; Long Island 7 - Colorado 2 |
BOTTOM OF THE 7TH |
Colorado Billy Goats batting - Pitching for Long Island Lighthouse : RHP Jeremy Brody
|
Batting: RHB Paul Byrd
|
0-0: Ball 1-0: SINGLE (Line Drive, 8LS, EV 91.2 MPH)
|
Batting: LHB Ruhinda Kirkconnell
|
0-0: Called Strike 0-1: Swinging Strike 0-2: Ball 1-2: Ball 2-2: Foul Ball, location: 2F 2-2: Ball 3-2: SINGLE (Line Drive, 89M, EV 97.5 MPH) Paul Byrd to second
|
Batting: SHB Raoul de Gilde
|
0-0: SINGLE (Groundball, 6, EV 108.8 MPH) (infield hit) Paul Byrd to third Ruhinda Kirkconnell to second
|
Batting: RHB Matt Méndez
|
0-0: Ball 1-0: Ball 2-0: Grounds into fielders choice 1-2 (Groundball, 13S, EV 68.1 MPH) Ruhinda Kirkconnell to third Raoul de Gilde to second
|
Batting: LHB David de Meij
|
0-0: Ball 1-0: Ball 2-0: Called Strike 2-1: Fly out, F8 (Line Drive, 8LD, EV 97.5 MPH) Runner from 3rd tags up, SCORES, throw by CF Raoul de Gilde to third
|
Batting: LHB Ricardo Yates
|
0-0: Ball 1-0: Ball 2-0: Fly out, F8 (Flyball, 78M, EV 87.5 MPH)
|
Bottom of the 7th over - 1 run, 3 hits, 0 errors, 2 left on base; Long Island 7 - Colorado 3 |
TOP OF THE 8TH |
Long Island Lighthouse batting - Pitching for Colorado Billy Goats : RHP Thomas Sangrey
|
Batting: LHB Scott Kerin
|
0-0: Called Strike 0-1: Ball 1-1: Swinging Strike 1-2: Ball 2-2: Strikes out swinging
|
Batting: RHB Iiri Haapajarvi
|
0-0: Ball 1-0: Called Strike 1-1: Swinging Strike 1-2: Strikes out swinging
|
Batting: RHB Colm Goodwill
|
0-0: Ball 1-0: Called Strike 1-1: Ball 2-1: Ground out 6-3 (Groundball, 6, EV 82.5 MPH)
|
Top of the 8th over - 0 runs, 0 hits, 0 errors, 0 left on base; Long Island 7 - Colorado 3 |
BOTTOM OF THE 8TH |
Colorado Billy Goats batting - Pitching for Long Island Lighthouse : RHP Jeremy Brody
|
Batting: LHB Tim Gonzáles
|
0-0: Ball 1-0: Called Strike 1-1: Foul Ball, location: 2F 1-2: Ball 2-2: Ball 3-2: Fly out, F8 (Flyball, 8RXD, EV 97.5 MPH)
|
Batting: LHB Robby Sinor
|
0-0: Swinging Strike 0-1: Ball 1-1: Fly out, F9 (Line Drive, 9, EV 88.8 MPH)
|
Batting: LHB Samual Johnson
|
0-0: Ball 1-0: Foul Ball, location: 2F 1-1: Ground out 5-3 (Groundball, 56S, EV 77.5 MPH)
|
Bottom of the 8th over - 0 runs, 0 hits, 0 errors, 0 left on base; Long Island 7 - Colorado 3 |
TOP OF THE 9TH |
Long Island Lighthouse batting - Pitching for Colorado Billy Goats : RHP Thomas Sangrey
|
Batting: LHB León Castillo
|
0-0: Ball 1-0: Ground out 4-3 (Groundball, 4, EV 77.5 MPH)
|
Batting: RHB Quan Easterling
|
0-0: Called Strike 0-1: Foul Ball, location: 2F 0-2: Strikes out swinging
|
Pitching: RHP Richard Arnie
|
|
Batting: RHB Carlos Mendoza
|
0-0: Foul Ball, location: 2F 0-1: Ball 1-1: Ball 2-1: Ball 3-1: Foul Ball, location: 2F 3-2: Foul Ball, location: 2F 3-2: Foul Ball, location: 2F 3-2: Base on Balls
|
Batting: RHB Eugene Bennett
|
0-0: SINGLE (Groundball, 34, EV 81.2 MPH) (infield hit) Carlos Mendoza to second
|
Batting: RHB Mark Toope
|
0-0: Ball 1-0: Fielders Choice at 2nd, 6-4 (Groundball, 6, EV 86.9 MPH)
|
Top of the 9th over - 0 runs, 1 hit, 0 errors, 2 left on base; Long Island 7 - Colorado 3 |
BOTTOM OF THE 9TH |
Colorado Billy Goats batting - Pitching for Long Island Lighthouse : RHP Jeremy Brody
|
Batting: RHB Paul Byrd
|
0-0: Fly out, F8 (Line Drive, 8RM, EV 100.6 MPH)
|
Batting: LHB Ruhinda Kirkconnell
|
0-0: Ball 1-0: Ball 2-0: Ball 3-0: Base on Balls
|
Pitching: RHP Mac Hippenhammer
|
|
Batting: SHB Raoul de Gilde
|
0-0: SINGLE (Line Drive, 3D, EV 106.9 MPH) Ruhinda Kirkconnell to second
|
Pitching: RHP Carlos Rodríguez
|
|
Batting: RHB Matt Méndez
|
0-0: Called Strike 0-1: Foul Ball, location: 2F 0-2: Foul Ball, location: 2F 0-2: Ball 1-2: Foul Ball, location: 2F 1-2: Ball 2-2: Foul Ball, location: 2F 2-2: Foul Ball, location: 2F 2-2: Foul Ball, location: 2F 2-2: SINGLE (Line Drive, 4MD, EV 94.4 MPH) Ruhinda Kirkconnell to third Raoul de Gilde to second
|
Batting: LHB David de Meij
|
0-0: Ball 1-0: Swinging Strike 1-1: Fielders Choice at 2nd, 4-6 (Groundball, 4, EV 89.4 MPH) Ruhinda Kirkconnell scores Raoul de Gilde to third
|
Batting: LHB Ricardo Yates
|
0-0: Ball 1-0: Foul Ball, location: 2F 1-1: Ball 2-1: Ball 3-1: Called Strike 3-2: SINGLE (Groundball, 34D, EV 95.0 MPH) Raoul de Gilde scores David de Meij to second David de Meij to third
|
Batting: LHB Tim Gonzáles
|
0-0: Called Strike 0-1: Called Strike 0-2: Foul Ball, location: 2F 0-2: Foul Ball, location: 2F 0-2: Ball 1-2: Strikes out swinging
|
Bottom of the 9th over - 2 runs, 3 hits, 0 errors, 2 left on base; Long Island 7 - Colorado 5 |
|